 Dungeon Crawl Stone Soup version 0.17-a0-227-gf5308cc (webtiles) character file.

4336 BluebellGnoll the Destroyer (level 10, -4/56 HPs)
             Began as an Octopode Fire Elementalist on Mar 29, 2015.
             Was a Follower of Ashenzari.
             Hit by a stone thrown by a minotaur (31 damage)
             ... in a labyrinth.
             The game lasted 01:29:33 (12775 turns).

BluebellGnoll the Destroyer (OpFE)                 Turns: 12775, Time: 01:29:33

Health: -4/56      AC:  1    Str:  9    XL:     10   Next: 33%
Magic:  0/27       EV: 15    Int: 21    God:    Ashenzari [*.....]
Gold:   166        SH:  0    Dex: 16    Spells: 7 memorised, 6 levels left

rFire  . . .     SeeInvis .     A - +2 dagger (flame)
rCold  . . .     Clarity  .     (no shield)
rNeg   + . .     SustAb   .     (helmet restricted)
rPois  .         Gourm    .     q - amulet of regeneration (curse)
rElec  .         Spirit   .     g - +3 ring of evasion (curse)
rCorr  .         Warding  .     r - +2 ring of strength (curse)
rMut   .         Stasis   .     k - +3 ring of dexterity (curse)
MR     .....                    x - ring of positive energy (curse)
Stlth  +++.......               (no ring)
                                (no ring)
                                (no ring)
                                (no ring)

@: very slightly contaminated, invisible, not resistant to hostile enchantments,
fairly stealthy
A: almost no armour, amphibious, 8 rings, constrict 8, camouflage 1, gelatinous
body 1
a: Renounce Religion


You were in a labyrinth.
You worshipped Ashenzari.
Ashenzari was aware of your devotion.
You were near starving.

You visited 2 branches of the dungeon, and saw 11 of its levels.
You also visited: Labyrinth and Ossuary.

You collected 374 gold pieces.
You spent 208 gold pieces at shops.

Inventory:

Hand weapons
 A - a +2 dagger of flaming (weapon)
 E - a cursed -2 blowgun
Missiles
 a - 197 stones (quivered)
Jewellery
 g - a cursed +3 ring of evasion (left tentacle)
 k - a cursed +3 ring of dexterity (on tentacle)
 q - a cursed amulet of regeneration (around mantle)
 r - a cursed +2 ring of strength (right tentacle)
 v - a cursed ring of teleportation
 x - a cursed ring of positive energy (on tentacle)
Magical devices
 h - a wand of invisibility (3)
 I - a wand of paralysis (8)
Scrolls
 b - a scroll of recharging
 e - 3 scrolls of identify
 l - 3 scrolls of magic mapping
 o - a scroll of teleportation
Potions
 d - 2 potions of berserk rage
 f - 2 potions of cancellation
 i - 5 potions of curing
 n - a potion of brilliance
 G - 3 potions of haste
 K - a potion of resistance
Miscellaneous
 z - a plain deck of escape {drawn: 1}
Comestibles
 c - 11 bread rations
 t - a meat ration


   Skills:
 - Level 2.0 Dodging
 - Level 2.6 Stealth
 * Level 9.1 Spellcasting
 + Level 9.5 Conjurations
 - Level 6.5 Fire Magic


You had 6 spell levels left.
You knew the following spells:

 Your Spells              Type           Power        Failure   Level  Hunger
a - Flame Tongue          Conj/Fire      #####        1%          1    None
b - Throw Flame           Conj/Fire      #####.       1%          2    None
c - Conjure Flame         Conj/Fire      #####...     1%          3    None
d - Inner Flame           Hex/Fire       ###.....     6%          3    None
e - Sticky Flame          Conj/Fire      #####...     2%          4    ##.....
f - Fireball              Conj/Fire      #####.....   10%         5    #####..
g - Mephitic Cloud        Conj/Pois/Air  ###.....     10%         3    None


Dungeon Overview and Level Annotations

Branches:
Dungeon (11/15)            Temple (1/1) D:7
   Lair: D:8-11         Orc: D:9-12

Altars:
Ashenzari
Cheibriados
Gozag
Kikubaaqudgha
Makhleb
Nemelex Xobeh
Okawaru
Qazlal
Ru
Sif Muna
Vehumet
Yredelemnul
The Shining One

Shops:
D:6 *   D:7 (

Annotations:
D:6 Somebody's ghost, experienced DgTm


Innate Abilities, Weirdness & Mutations

You cannot wear most types of armour.
You are amphibious.
You can wear up to eight rings at the same time.
You can use your tentacles to constrict many enemies at once.
Your skin changes colour to match your surroundings (Stealth).
Your rubbery body absorbs attacks (AC +1).


Message History

Drink which item? (? for menu, Esc to quit)
Okay, then.
Casting: Flame Tongue
Confirm with . or Enter, or press ? or * to list all spells.
Aiming: Flame Tongue
Press: ? - help, Shift-Dir - straight line, f/p - minotaur
Aim: a minotaur, wielding a staff of fire, wearing a chain mail, wearing an ancient bronze ring and carrying a wand of magic darts {zapped: 18} (moderately wounded)
The flame tongue hits the minotaur.
The minotaur completely resists.
The minotaur is moderately wounded.
The minotaur zaps a wand.
The magic dart hits you!
Casting: Flame Tongue
Confirm with . or Enter, or press ? or * to list all spells.
Aiming: Flame Tongue
Press: ? - help, Shift-Dir - straight line, f/p - minotaur
Aim: a minotaur, wielding a staff of fire, wearing a chain mail, wearing an ancient bronze ring and carrying a wand of magic darts {zapped: 19} (moderately wounded)
The flame tongue hits the minotaur.
The minotaur resists.
The minotaur is moderately wounded.
The minotaur throws a stone.
The stone hits you!!
Ouch! That really hurt!
You die...

# . # ..
.### .###
#... . .
# ... ..
..
#.#######
#.#(@...#
.#(###.#
#.#ยง# .#
#.#H# #.#
#.#.# #.#
.#.#..
#.#### .#
. #......
# #### ##


You could see a minotaur.

Vanquished Creatures
  A deep elf conjurer (D:11)
  A cyclops (D:11)
  A spriggan (D:7)
  4 basilisks (Lab)
  4 deep elf fighters (D:11)
  Edmund (D:4)
  An ogre (D:5)
  An ice beast (D:5)
  2 orc warriors (D:6)
  3 centaurs
  A brain worm (D:11)
  A scorpion (D:5)
  6 killer bees (D:7)
  2 giant frog zombies (D:5)
  A goliath beetle (D:5)
  2 hounds
  2 crimson imps
  2 human zombies (Ossuary)
  2 centaur zombies (Ossuary)
  6 orc wizards
  A centaur skeleton (D:5)
  5 worker ants
  Ijyb (D:3)
  2 hound zombies (D:6)
  A hound skeleton (D:7)
  2 mummies (Ossuary)
  6 gnolls
  2 worker ant zombies
  7 adders
  A shadow imp (D:6)
  A giant mite (D:7)
  5 worms
  2 adder skeletons (D:5)
  2 adder zombies (Ossuary)
  5 giant geckos
  An ooze (D:1)
  24 orcs
  A bat skeleton (D:7)
  4 giant cockroaches
  11 hobgoblins
  9 jackals
  7 quokkas
  2 ball pythons
  17 bats
  3 giant newts (D:3)
  10 goblins
  12 hobgoblin zombies (Ossuary)
  2 jackal zombies (Ossuary)
  12 kobolds
  6 kobold zombies (Ossuary)
  10 orc zombies (Ossuary)
  7 rats
  A rat zombie (Ossuary)
226 creatures vanquished.

Notes
Turn   | Place    | Note
--------------------------------------------------------------
     0 | D:1      | BluebellGnoll, the Octopode Fire Elementalist, began the quest for the Orb.
     0 | D:1      | Reached XP level 1. HP: 11/11 MP: 3/3
   511 | D:1      | Found a glowing golden altar of the Shining One.
   531 | D:1      | Reached XP level 2. HP: 15/17 MP: 5/5
   535 | D:1      | Learned a level 2 spell: Throw Flame
  1392 | D:2      | Reached XP level 3. HP: 21/21 MP: 0/8
  1469 | D:2      | Learned a level 3 spell: Conjure Flame
  2036 | D:2      | Reached XP level 4. HP: 27/27 MP: 0/9
  2093 | D:2      | Learned a level 3 spell: Inner Flame
  2602 | D:3      | Found a sacrificial altar of Ru.
  2722 | D:3      | Noticed Ijyb
  2730 | D:3      | Killed Ijyb
  2822 | D:3      | Reached XP level 5. HP: 31/31 MP: 7/12
  3231 | D:3      | Found a stormy altar of Qazlal.
  3480 | D:3      | Reached skill level 4 in Spellcasting
  3950 | D:4      | Reached XP level 6. HP: 36/36 MP: 8/15
  4089 | D:4      | Found a basalt altar of Yredelemnul.
  4089 | D:4      | Noticed Edmund
  4126 | D:4      | Killed Edmund
  4221 | D:4      | Learned a level 3 spell: Mephitic Cloud
  4310 | D:4      | Reached skill level 5 in Spellcasting
  4322 | D:4      | Found a sparkling altar of Nemelex Xobeh.
  4326 | D:4      | Reached XP level 7. HP: 23/41 MP: 8/18
  5102 | D:4      | Learned a level 4 spell: Sticky Flame
  5131 | D:5      | Entered Level 5 of the Dungeon
  5280 | D:5      | Reached skill level 5 in Conjurations
  5424 | D:5      | Reached skill level 6 in Spellcasting
  5597 | D:5      | Reached XP level 8. HP: 46/46 MP: 7/21
  6184 | D:5      | Reached skill level 7 in Spellcasting
  6777 | D:6      | Found Iaiset's Incredible Inventory.
  6785 | D:6      | Bought 3 scrolls of identify for 78 gold pieces
  6785 | D:6      | Bought a wand of invisibility (6) for 130 gold pieces
  6853 | D:6      | Noticed Somebody's ghost (experienced DgTm)
  7965 | D:7      | Found a sand-covered staircase.
  7971 | Ossuary  | Entered an ossuary
  8269 | Ossuary  | Reached skill level 5 in Fire Magic
  8269 | Ossuary  | Reached XP level 9. HP: 45/51 MP: 10/24
  8664 | D:7      | Found a staircase to the Ecumenical Temple.
  8674 | Temple   | Entered the Ecumenical Temple
  8768 | D:7      | Found Tayteu's Antique Weapon Shoppe.
  8964 | Temple   | Became a worshipper of Ashenzari the Shackled
  9027 | Temple   | Learned a level 5 spell: Fireball
  9057 | D:7      | Found a radiant altar of Vehumet.
  9873 | D:8      | You fall through a shaft for 3 floors!
  9876 | D:11     | Noticed a cyclops
  9885 | D:10     | Entered Level 10 of the Dungeon
  9985 | D:11     | Killed a cyclops
  9985 | D:11     | Reached skill level 8 in Conjurations
  9998 | D:11     | Found a labyrinth entrance.
 10000 | D:11     | Noticed a deep elf conjurer
 10175 | D:11     | Noticed a deep elf conjurer
 10187 | D:11     | Killed a deep elf conjurer
 10187 | D:11     | Reached skill level 9 in Conjurations
 10187 | D:11     | Reached XP level 10. HP: 18/56 MP: 10/27
 10221 | Lab      | Entered a labyrinth
 12429 | Lab      | Noticed a minotaur
 12775 | Lab      | Hit by a stone thrown by a minotaur

Action                   |  1- 3 |  4- 6 |  7- 9 | 10-12 || total
-------------------------+-------+-------+-------+-------++-------
Melee: Short sword       |    19 |    22 |       |       ||    41
       Unarmed           |     5 |       |       |       ||     5
       Dagger            |       |       |    48 |     7 ||    55
Throw: Stone             |       |     8 |     8 |     1 ||    17
 Cast: Flame Tongue      |    42 |    78 |   216 |    11 ||   347
       Throw Flame       |     8 |    29 |    94 |     1 ||   132
       Conjure Flame     |       |     5 |     9 |     1 ||    15
       Sticky Flame      |       |       |    12 |     1 ||    13
       Mephitic Cloud    |       |       |     9 |     7 ||    16
       Fireball          |       |       |       |    13 ||    13
Evoke: Deck              |       |       |     1 |       ||     1
       Wand              |       |       |     1 |    10 ||    11
  Use: Scroll            |     4 |     2 |    19 |     1 ||    26
       Potion            |       |       |       |     3 ||     3
 Stab: Sleeping          |     1 |     4 |    17 |       ||    22
       Confused          |       |       |     2 |     2 ||     4
       Invisible         |       |       |     1 |       ||     1
  Eat: Chunk             |     4 |     8 |    15 |       ||    27
       Beef jerky        |       |       |     1 |       ||     1
       Meat ration       |       |       |     1 |     2 ||     3
